 Dungeon Crawl Stone Soup version 0.30-a0-760-g5a9884bb7c (webtiles) character file.

Game seed: 3533336239207200414

18522 Pooter the Cleaver (level 12, -53/107 HPs)
             Began as a Minotaur Berserker on Feb 10, 2023.
             Was an Elder of Trog.
             Annihilated by cforsyth's ghost (88 damage)
             ... on level 2 of the Lair of Beasts on Feb 11, 2023.
             The game lasted 01:09:22 (13560 turns).

Pooter the Cleaver (Minotaur Berserker)            Turns: 13560, Time: 01:09:22

Health: -53/107    AC: 16    Str: 23    XL:     12   Next: 28%
Magic:  11/11      EV:  6    Int:  6    God:    Trog [****..]
Gold:   261        SH:  9    Dex: 12    Spells: 11/11 levels left

rFire   . . .      SeeInvis .    b - +0 hand crossbow (freeze)
rCold   + . .      Faith    .    R - +0 kite shield
rNeg    . . .      Spirit   .    M - +0 plate armour
rPois   .          Reflect  .    (helmet restricted)
rElec   .          Harm     .    w - scarf {repulsion}
rCorr   .          Rampage  .    (no gloves)
Will    ++...                    (no boots) Stlth
                                 F - amulet of the acrobat
HPRegen 1.37/turn                s - +4 ring of protection
MPRegen 0.12/turn                I - ring of protection from cold

@: lethally poisoned (-53 -> -53), strong-willed, regenerating, repel missiles
A: horns 2, retaliatory headbutt
a: Renounce Religion, Berserk, Trog's Hand, Brothers in Arms


You were on level 2 of the Lair of Beasts.
You worshipped Trog.
Trog was greatly pleased with you.
You visited 2 branches of the dungeon, and saw 12 of its levels.

You collected 999 gold pieces.
You spent 738 gold pieces at shops.

Inventory:

Hand Weapons
 a - a +2 heavy war axe
   (You bought it in a shop on level 4 of the Dungeon)
 b - a +0 hand crossbow of freezing (weapon)
   (You bought it in a shop on level 7 of the Dungeon)
 B - a +2 broad axe of flaming
   (You bought it in a shop on level 7 of the Dungeon)
 H - a +2 heavy spear
   (You took it off a gnoll sergeant on level 6 of the Dungeon)
 U - a +2 antimagic flail
   (You took it off an orc on level 10 of the Dungeon)
Missiles
 o - 10 atropa-tipped darts
 p - 14 javelins
 y - 3 throwing nets {!f}
 C - 4 silver javelins
 D - 7 poisoned darts
 G - 14 boomerangs
 Q - 131 stones
 T - a curare-tipped dart
Armour
 e - a scarf of invisibility
   (You found it on level 10 of the Dungeon)
 v - a scarf of shadows
   (You found it on level 3 of the Dungeon)
 w - a scarf of repulsion (worn)
   (You found it on level 9 of the Dungeon)
 M - a +0 plate armour (worn)
   (You took it off an orc warrior on level 7 of the Dungeon)
 R - a +0 kite shield (worn)
   (You took it off a gnoll sergeant on level 6 of the Dungeon)
Jewellery
 s - a +4 ring of protection (left hand)
   (You found it on level 2 of the Dungeon)
 F - an amulet of the acrobat (around neck)
   (You found it on level 5 of the Dungeon)
 I - a ring of protection from cold (right hand)
   (You took it off a wight on level 7 of the Dungeon)
 L - a +6 ring of intelligence
   (You found it on level 2 of the Lair of Beasts)
 S - a ring of see invisible
   (You found it on level 4 of the Dungeon)
Wands
 d - a wand of iceblast (14)
   (You bought it in a shop on level 6 of the Dungeon)
 f - a wand of flame (32)
   (You took it off Ijyb on level 3 of the Dungeon)
 u - a wand of paralysis (28)
   (You found it on level 2 of the Dungeon)
 z - a wand of mindburst (8)
   (You took it off an orc on level 10 of the Dungeon)
Scrolls
 h - 2 scrolls of noise {!r}
 j - 3 scrolls of enchant armour
 k - a scroll of blinking
 l - 4 scrolls of fear
 t - 5 scrolls of teleportation {@r4}
 x - 2 scrolls of magic mapping
 K - a scroll of butterflies
 O - a scroll of immolation {!r}
 W - 2 scrolls of poison {!r}
Potions
 c - 4 potions of might
 g - 3 potions of lignification {!q}
 i - a potion of ambrosia {unknown}
 m - 4 potions of heal wounds {@q2}
 n - a potion of curing {unknown}
 q - a potion of degeneration {unknown}
 r - 3 potions of attraction {!q}
 A - a potion of haste {@q3}
 E - a potion of resistance {unknown}
 J - a potion of mutation {unknown}
 N - 2 potions of flight {unknown}
 P - a potion of magic {unknown}
 V - a potion of invisibility


   Skills:
 + Level 10.5 Fighting
 * Level 14.3 Axes
 * Level 12.7 Ranged Weapons
 + Level 6.0 Armour
 - Level 2.1 Dodging
 - Level 2.6 Stealth
 + Level 5.2 Shields
 + Level 4.5 Evocations


You had 11 spell levels left.
You didn't know any spells.
Your spell library was empty.

Dungeon Overview and Level Annotations

Branches:
Dungeon (10/15)            Temple (0/1) D:6            Lair (2/5) D:9
    Orc (0/2) D:10
  Swamp: Lair:2-3    Shoals: Lair:2-3     Snake: Lair:2-3    Spider: Lair:2-3

Altars:
Ashenzari
Cheibriados
Dithmenos
Fedhas
Gozag
Hepliaklqana
Kikubaaqudgha
Makhleb
Nemelex Xobeh
Qazlal
Ru
Trog
Wu Jian

Shops:
D:4 (   D:6 *   D:7 (

Annotations:
Lair:2 cforsyth's ghost, adept TeAE


Innate Abilities, Weirdness & Mutations

You have a pair of horns on your head.
You reflexively headbutt those who attack you in melee.


Message History

You start resting.
You now have 261 gold pieces (gained 19).
You slice the plant!!
The plant begins to die.
You slice the plant!!
The plant begins to die.
You slice the plant!! You slash the plant! You chop the plant into pieces!!!
You headbutt the plant. You slice the plant!!
A nearby plant withers and dies.
You slice the plant!! You headbutt the plant!
A nearby plant withers and dies.
L - a +6 ring of intelligence
Found a stone.
Found a stone staircase leading down.
Found an escape hatch in the floor.
Q - 131 stones (gained 1)
Found a potion of might.
You open the door.
Your +0 hand crossbow of freezing is covered in frost.
b - a +0 hand crossbow of freezing (weapon)
c - 4 potions of might (gained 1)
You open the door. You open the door.
There is an open door here.
There is an open door here.
There is an open door here.
Found a stone.
Found a stone.
You open the large door.
Found a ring mail.
Found a stone.
Found 2 stones and a long sword.
Found 7 large rocks.
Cforsyth's ghost stares at you.
Your skin crawls.
You feel strong-willed.
You open the gate.
Cforsyth's ghost waves its arms in wide circles.
The air twists around and strikes you! Cforsyth's ghost hits you.
You are poisoned.
There is an open translucent gate here.
You shoot a bolt. The bolt hits cforsyth's ghost!
The bolt freezes cforsyth's ghost.
You feel very sick.
Cforsyth's ghost points at you and mumbles some strange words.
The fireball explodes!
The fireball engulfs you!!!
Ouch! That really hurt!
* * * LOW HITPOINT WARNING * * *
The fireball engulfs cforsyth's ghost!
Cforsyth's ghost resists.
Cforsyth's ghost gestures wildly while chanting.
Cforsyth's ghost emits a burst of electricity!
Ouch! That really hurt!
You die...

#...#..##...#<......####.......
##.....P.###....###.## #......#
#....#.....##..#...... #.......
##...##.....##...#..... ........
#....''.....#...##.....##......#
###..##......P..##.....##.......
#P. #................ #.......
## #................
####.###'@'###.## #.#(..W.(.#
..#..([...# ...#....(..#
....#(8.....# .#####...).(.#
#########


You could see cforsyth's ghost.

Vanquished Creatures
  A hydra (D:9)
  3 two-headed ogres
  The ghost of jlumianski the Cleaver, a novice DsFi of Qazlal (D:9)
  Lodul (D:10)
  Pikel (D:8)
  A cyclops (D:9)
  A black mamba (Lair:1)
  2 cane toads (Lair:1)
  2 komodo dragons
  3 trolls
  Prince Ribbit (D:7)
  Grinder (D:3)
  3 blink frogs (Lair:1)
  A vampire (D:10)
  4 wraiths
  19 yaks
  A wyvern (D:7)
  An acid dragon (D:9)
  8 water moccasins
  10 orc warriors
  An ice beast (D:8)
  2 black bears (D:9)
  11 ogres
  4 centaurs
  3 phantoms
  A kobold brigand (D:9)
  7 bullfrogs
  2 necrophages
  5 gnoll sergeants
  3 scorpions
  4 wights
  13 killer bees
  5 howler monkeys
  10 hounds
  2 jellies
  3 gnoll boudas
  14 orc priests
  Jessica (D:2)
  5 iguanas
  Ijyb (D:3)
  12 orc wizards
  Robin (D:3)
  42 gnolls
  8 adders
  A shadow imp (D:8)
  2 ufetubi
  3 worms
  4 dart slugs
  55 orcs
  13 ball pythons
  A bat zombie (D:4)
  9 endoplasms
  4 giant cockroaches
  12 goblins
  14 hobgoblins
  13 jackals
  4 kobolds (D:2)
  6 quokkas
  9 bats
  4 frilled lizards
  5 rats
384 creatures vanquished.

Vanquished Creatures (others)
  A quokka (D:4)
  35 fungi
  54 plants
90 creatures vanquished.

Grand Total: 474 creatures vanquished

Notes
Turn   | Place    | Note
-------+----------+-------------------------------------------
     0 | D:1      | Pooter the Minotaur Berserker began the quest for the Orb.
     0 | D:1      | Reached XP level 1. HP: 19/19 MP: 0/0
   165 | D:1      | Reached skill level 4 in Axes
   165 | D:1      | Reached XP level 2. HP: 21/27 MP: 1/1
   569 | D:1      | Reached skill level 1 in Stealth
   606 | D:1      | Reached XP level 3. HP: 33/33 MP: 2/2
   640 | D:1      | Reached ** piety under Trog
   817 | D:2      | Noticed Jessica
   838 | D:2      | Killed Jessica
   839 | D:2      | Reached skill level 1 in Ranged Weapons
   839 | D:2      | Reached XP level 4. HP: 40/40 MP: 3/3
  1298 | D:2      | Reached skill level 5 in Axes
  1755 | D:3      | Noticed Robin
  1760 | D:3      | Killed Robin
  1761 | D:3      | Reached XP level 5. HP: 47/47 MP: 4/4
  1886 | D:3      | Noticed Grinder
  1899 | D:3      | Killed Grinder
  1900 | D:3      | Reached XP level 6. HP: 55/55 MP: 5/5
  1970 | D:3      | Reached *** piety under Trog
  2401 | D:3      | Noticed Ijyb
  2419 | D:3      | Killed Ijyb
  2420 | D:3      | Reached skill level 6 in Axes
  2600 | D:3      | Found an ornate altar of the Wu Jian Council.
  2601 | D:3      | Found a snail-covered altar of Cheibriados.
  2608 | D:3      | Found a bloodstained altar of Trog.
  2611 | D:3      | Found a broken altar of Ashenzari.
  2612 | D:3      | Found an opulent altar of Gozag.
  2788 | D:4      | Reached skill level 5 in Fighting
  3132 | D:4      | Reached XP level 7. HP: 50/61 MP: 6/6
  3187 | D:4      | Found Oraisa Qesu's Weapon Shop.
  3224 | D:4      | Bought a +0 heavy war axe for 91 gold pieces
  3359 | D:4      | Found a stormy altar of Qazlal.
  3911 | D:4      | Found an ancient bone altar of Kikubaaqudgha.
  4363 | D:5      | Entered Level 5 of the Dungeon
  4442 | D:4      | Reached skill level 7 in Axes
  4542 | D:5      | Reached skill level 5 in Ranged Weapons
  4691 | D:5      | Reached XP level 8. HP: 70/70 MP: 7/7
  4720 | D:5      | Found a burning altar of Makhleb.
  4776 | D:5      | Reached skill level 8 in Axes
  4916 | D:5      | Found a hazy altar of Hepliaklqana.
  4917 | D:5      | Found a shadowy altar of Dithmenos.
  5301 | D:6      | Reached skill level 9 in Axes
  5753 | D:6      | Identified the +2 robe of Broken Taboos {rF+ Int+2 Stlth+}
  5817 | D:6      | Reached XP level 9. HP: 79/79 MP: 8/8
  5880 | D:6      | Found Ywacyromm's General Store.
  5882 | D:6      | Reached **** piety under Trog
  5923 | D:6      | Bought a wand of paralysis (6) for 144 gold pieces
  5923 | D:6      | Bought a potion of attraction for 30 gold pieces
  5923 | D:6      | Bought a scroll of enchant armour for 75 gold pieces
  5983 | D:6      | Found a staircase to the Ecumenical Temple.
  6019 | D:6      | Found a sparkling altar of Nemelex Xobeh.
  6357 | D:6      | Identified the +1 robe "Casut" {rF+ Regen+ Int+5}
  6442 | D:7      | Reached skill level 10 in Axes
  6507 | D:7      | Noticed Prince Ribbit
  6527 | D:7      | Killed Prince Ribbit
  6999 | D:7      | Found a sacrificial altar of Ru.
  7155 | D:7      | Reached skill level 11 in Axes
  7457 | D:7      | Found Fipuppof's Hydra Hut.
  7462 | D:7      | Noticed a four-headed hydra
  7546 | D:8      | Identified the +1 scale mail "Ystojaeg" {Rampage Will+}
  7711 | D:8      | Reached XP level 10. HP: 90/90 MP: 9/9
  7731 | D:8      | Noticed Pikel
  7739 | D:8      | Killed Pikel
  7853 | D:8      | Reached skill level 10 in Ranged Weapons
  8061 | D:8      | Reached skill level 1 in Evocations
  8283 | D:7      | Bought a +0 hand crossbow of freezing for 91 gold pieces
  8595 | D:9      | Found a runed translucent door.
  8597 | D:9      | Noticed jlumianski's ghost (novice DsFi)
  8661 | D:9      | Killed jlumianski's ghost
  8662 | D:9      | Reached skill level 12 in Axes
  8881 | D:9      | Noticed a two-headed ogre
  8887 | D:9      | Killed a two-headed ogre
  8888 | D:9      | Reached skill level 1 in Shields
  9045 | D:9      | Noticed a seven-headed hydra
  9056 | D:9      | Killed a seven-headed hydra
  9057 | D:9      | Reached XP level 11. HP: 97/97 MP: 10/10
  9119 | D:9      | Found the +1 robe of Vines {NoPotionHeal Regen++++}
  9253 | D:9      | Found a staircase to the Lair.
  9278 | D:9      | Reached skill level 13 in Axes
  9978 | D:9      | Noticed a two-headed ogre
  9983 | D:9      | Killed a two-headed ogre
 10058 | D:9      | Found a blossoming altar of Fedhas.
 10424 | D:10     | Entered Level 10 of the Dungeon
 10583 | D:10     | Noticed a two-headed ogre
 10590 | D:10     | Killed a two-headed ogre
 10591 | D:10     | Reached skill level 10 in Fighting
 10691 | D:10     | Noticed Lodul
 10699 | D:10     | Killed Lodul
 10700 | D:10     | Reached skill level 5 in Armour
 11385 | D:7      | Bought a +2 broad axe of flaming for 211 gold pieces
 11431 | D:6      | Bought a wand of iceblast (4) for 96 gold pieces
 11923 | D:10     | Found a staircase to the Orcish Mines.
 11943 | D:10     | Reached XP level 12. HP: 106/106 MP: 11/11
 12055 | D:10     | Reached skill level 14 in Axes
 12393 | Lair:1   | Entered Level 1 of the Lair of Beasts
 12695 | Lair:1   | Reached skill level 5 in Shields
 13402 | Lair:1   | You fall into a shaft and drop 1 floor!
 13544 | Lair:2   | Found a runed translucent gate.
 13549 | Lair:2   | Found a runed translucent gate.
 13550 | Lair:2   | Found a runed translucent gate.
 13552 | Lair:2   | Noticed cforsyth's ghost (adept TeAE)
 13560 | Lair:2   | Annihilated by cforsyth's ghost

Illustrated notes

Levels and vault maps discovered:
D:1:      elethiomel_arrival_quiet, layout_basic, minmay_pentomino_v4
D:2:      minmay_razor_zed, layout_basic, minmay_misc_feat_square, uniq_jessica
D:3:      layout_basic, minitemple, uniq_robin, uniq_ijyb, uniq_grinder
D:4:      layout_layer_cave, lemuel_zombie_altar_kikubaaqudgha,
          grunt_qazlal_sundering, serial_shops, nicolae_diamond_shop,
          chequers_decorated_corner, minmay_misc_feat_x, nrook_campfire,
          chequers_serial_rivers_large_b
D:5:      layout_rooms, riverfiend_overflow_shadow_ancestor,
          mainiacjoe_overflow_paths
D:6:      layout_cave_pools, lemuel_doored_altar, minmay_temple_entry_hall,
          serial_gnoll_camp, gnoll_camp_mini_doghouse, gnoll_camp_mini_basic,
          gnoll_camp_medium_02, gnoll_camp_mini_loothouse, gnoll_camp_mini_shop,
          gnoll_camp_mini_doghouse
D:7:      layout_rooms, nicolae_ru_awakened_eye, doesnt_shop_hydraphobe,
          uniq_prince_ribbit1
D:8:      layout_loops_ring, uniq_pikel
D:9:      minmay_recursive_quarters, layout_long_grid, marbit_many_paths,
          due_lair_maze_entry_diamond, gammafunk_ghost_grave,
          hellmonk_guarded_unrand_vines
D:10:     layout_cave_pools, hiddenorc2_lemuel, special_room [special_room_orc],
          uniq_lodul
Lair:1:   layout_roguey
Lair:2:   layout_regular_city, guppyfry_snake_entry_garden,
          ebering_ghost_rock_garden

Skill      XL: |  1  2  3  4  5  6  7  8  9 10 11 12 |
---------------+-------------------------------------+-----
Axes           | 4 5 6 7 9 11 12 13 14 | 14.3
Fighting       | 4 5 7 8 9 10 | 10.5
Stealth        | 1 2 |  2.6
Ranged Weapons | 1 2 3 4 5 7 9 11 12 | 12.7
Evocations     | 2 4 |  4.5
Armour         | 3 5 6 |  6.0
Shields        | 2 4 5 |  5.2
Dodging        | |  2.1

Action                     |  1- 3 |  4- 6 |  7- 9 | 10-12 || total
---------------------------+-------+-------+-------+-------++-------
  Melee: Hand axe          |    61 |    88 |     5 |       ||   154
         Headbutt          |     9 |    19 |    36 |    60 ||   124
         Punch             |       |     1 |     4 |       ||     5
         War axe           |       |       |   177 |   227 ||   404
         Trident           |       |       |       |     6 ||     6
   Fire: Sling             |    42 |   105 |    18 |       ||   165
         Shortbow          |       |       |    97 |     5 ||   102
         Hand crossbow     |       |       |       |   151 ||   151
  Throw: Stone             |       |       |     3 |       ||     3
         Dart              |       |       |     1 |       ||     1
         Javelin           |       |       |     5 |     9 ||    14
 Invoke: Berserk           |     3 |     5 |     6 |    11 ||    25
         Trog's Hand       |       |     1 |     9 |    15 ||    25
  Evoke: Wand              |       |     1 |     4 |     6 ||    11
    Use: Scroll            |     3 |     1 |     8 |     6 ||    18
   Stab: Paralysed         |       |     4 |     2 |     2 ||     8
 Armour: Animal skin       |    16 |       |       |       ||    16
         Ring mail         |    10 |    51 |    85 |       ||   146
         Plate armour      |       |       |    43 |   131 ||   174
  Dodge: Dodged            |    46 |    63 |   195 |    84 ||   388
  Block: Kite shield       |       |       |       |    95 ||    95

Table legend: (Time is in decaauts)
 A = Elapsed time spent in this place.
 B = Non-inter-level travel time spent in this place.
 C = Inter-level travel time spent in this place.
 D = Time resting spent in this place.
 E = Time spent auto-exploring this place.
 F = Levels seen in this place.
 G = Mean time per level.
                   A        B        C        D        E       F      G
               +--------+--------+--------+--------+--------+-----+--------+
         Total |  14185 |  13527 |    658 |   3800 |   7044 |  12 | 1182.1 |
       Dungeon |  12979 |  12322 |    657 |   3418 |   6481 |  10 | 1297.9 |
          Lair |   1205 |   1205 |      0 |    381 |    563 |   2 |  602.5 |
               +--------+--------+--------+--------+--------+-----+--------+

Top non-repeatable levels by time:
     D:9: 2065 daAuts
    D:10: 1849 daAuts
     D:4: 1745 daAuts
     D:6: 1682 daAuts
     D:7: 1144 daAuts
     D:3: 1124 daAuts
  Lair:1: 1046 daAuts
     D:8: 945 daAuts
     D:1: 910 daAuts
     D:2: 826 daAuts
     D:5: 685 daAuts
  Lair:2: 159 daAuts
